[Event "Titled Tuesday Blitz March 08 Early 2022"]
[White "Urbina Quiroz, Edwin"]
[Black "Levin, Anthony"]
[WhiteFideId "6500650"]
[BlackFideId "30940680"]
[WhiteElo "2152"]
[BlackElo "1866"]
[Result "1-0"]
[Round "07"]
[TimeControl "180+1"]
[Date "2022.03.09"]
[WhiteClock "0:00:20"]
[BlackClock "0:00:05"]

1. e4 e6 2. d4 d5 3. e5 c5 4. c3 Bd7 5. Bd3 Qb6 6. Nf3 Bb5 7. O-O Bxd3 8. Qxd3 Nc6 9. a3 cxd4 10. cxd4 Nge7 11. b4 Nf5 12. Be3 Be7 13. Nc3 O-O 14. Nxd5 exd5 15. Qxf5 a5 16. b5 Qxb5 17. Rab1 Qa6 18. a4 Nb4 19. Bg5 Bxg5 20. Nxg5 Qg6 21. Qxg6 hxg6 22. Rfc1 Rac8 23. f4 Rfd8 24. Kf1 Kf8 25. Ke2 Ke7 26. Kd2 f6 27. Nf3 Kd7 28. h3 Rc6 29. Rxc6 Kxc6 30. Nh4 g5 31. fxg5 fxe5 32. dxe5 d4 33. Nf3 Kd5 34. h4 Rc8 35. h5 Rc2+ 36. Ke1 Rxg2 37. Kf1 Ra2 38. h6 gxh6 39. gxh6 Nd3 40. h7 Rf2+ 41. Kg1 Rxf3 42. h8=Q 1-0


[Site "https://www.chess.com"]

[Event "Titled Tuesday Blitz March 08 Early 2022"]
[White "Van den Dikkenberg, Erik"]
[Black "Berezin, Viktor"]
[WhiteFideId "1005880"]
[BlackFideId "14107872"]
[WhiteElo "2118"]
[BlackElo "2310"]
[Result "0-1"]
[Round "07"]
[TimeControl "180+1"]
[Date "2022.03.09"]
[WhiteClock "0:00:01"]
[BlackClock "0:00:04"]

1. e4 c6 2. d4 d5 3. exd5 cxd5 4. Bd3 Nc6 5. c3 e5 6. dxe5 Nxe5 7. Nf3 Bd6 8. Nxe5 Bxe5 9. Qe2 Qe7 10. Bb5+ Kf8 11. O-O Nf6 12. Re1 Bd6 13. Qxe7+ Bxe7 14. Bg5 h6 15. Bxf6 gxf6 16. Nd2 Bd6 17. Nf3 a6 18. Re8+ Kg7 19. Rxh8 Kxh8 20. Bd3 Kg7 21. Nd4 Bc5 22. Nf5+ Bxf5 23. Bxf5 Re8 24. Kf1 d4 25. Rd1 dxc3 26. bxc3 Re5 27. g4 h5 28. h3 hxg4 29. hxg4 b5 30. Rd8 a5 31. Rb8 Ba3 32. Rb7 Rc5 33. Be6 Rxc3 34. Rxf7+ Kg6 35. Rb7 b4 36. Bb3 Bc1 37. Rb5 Bg5 38. Rxa5 Rf3 39. Kg2 Rf4 40. f3 Rd4 41. Ra6 Bf4 42. Bc2+ Kg5 43. Ra5+ Be5 44. Be4 Rd2+ 45. Kf1 Kf4 46. Ke1 Ke3 47. Rb5 Rh2 48. Kd1 Bc3 49. Rd5 Rxa2 50. Rd3+ Kf4 51. Kc1 Rf2 52. Rd5 Be5 53. Rb5 Bc3 54. Kd1 Kg3 55. g5 fxg5 56. Rxg5+ Kf4 57. Rf5+ Ke3 58. Bd5 Rd2+ 59. Kc1 Rh2 60. Kd1 Rh1+ 61. Kc2 Rh2+ 62. Kb3 Rb2+ 63. Ka4 Rd2 64. Kb3 Rd3 65. Kc4 Rd4+ 66. Kb3 Be1 67. Bc4 Rd2 0-1


[Site "https://www.chess.com"]

[Event "Titled Tuesday Blitz March 08 Early 2022"]
[White "Vianello, Enrico"]
[Black "Sailer, Mike"]
[WhiteFideId "810738"]
[BlackFideId "2012901"]
[WhiteElo "2282"]
[BlackElo "2109"]
[Result "0-1"]
[Round "07"]
[TimeControl "180+1"]
[Date "2022.03.09"]
[WhiteClock "0:00:02"]
[BlackClock "0:00:03"]

1. d4 d5 2. Nf3 Bf5 3. Bf4 e6 4. e3 Nf6 5. Nbd2 Be7 6. h3 O-O 7. Nh4 Be4 8. f3 Nfd7 9. fxe4 Bxh4+ 10. g3 Bf6 11. g4 Bh4+ 12. Ke2 c5 13. Bg2 cxd4 14. exd4 Nc6 15. Nb3 dxe4 16. Bxe4 f5 17. gxf5 exf5 18. Bf3 Re8+ 19. Kd2 Nde5 20. Kc1 Nxf3 21. Qxf3 Nxd4 22. Nxd4 Qxd4 23. Rd1 Qc5 24. Kb1 Rac8 25. Qb3+ Kh8 26. a3 b6 27. Bd2 Bf6 28. Bb4 Qc4 29. Qxc4 Rxc4 30. Rd7 a5 31. Bd2 h6 32. c3 Rh4 33. Rd3 Re2 34. Ka2 Rh2 35. Rf1 g6 36. Rd6 Kg7 37. Bc1 b5 38. Re1 R4xh3 39. Ree6 Bxc3 40. Rxg6+ Kf7 41. Rge6 Rg3 0-1


[Site "https://www.chess.com"]

[Event "Titled Tuesday Blitz March 08 Early 2022"]
[White "Viskelis, Darius"]
[Black "Carre, Sylvain"]
[WhiteFideId "12800830"]
[BlackFideId "642118"]
[WhiteElo "1978"]
[BlackElo "2105"]
[Result "1/2-1/2"]
[Round "07"]
[TimeControl "180+1"]
[Date "2022.03.09"]
[WhiteClock "0:00:13"]
[BlackClock "0:00:07"]

1. e4 e5 2. Nf3 Nf6 3. Nxe5 d6 4. Nf3 Nxe4 5. Nc3 Nxc3 6. dxc3 Be7 7. Be3 Nc6 8. Qd2 Be6 9. O-O-O Qd7 10. Nd4 Nxd4 11. cxd4 d5 12. Kb1 O-O-O 13. h3 Kb8 14. Be2 Rhe8 15. Qa5 Qd6 16. Rd3 Qb6 17. Qxb6 axb6 18. Bf3 Bf5 19. Rd2 c6 20. Re1 Bb4 21. Bf4+ Ka7 22. Rxe8 Rxe8 23. Re2 Rxe2 24. Bxe2 Be1 25. Be3 Kb8 26. Kc1 Bb4 27. c3 Bd6 28. Kd2 Kc7 29. g4 Bb1 30. a3 Kd7 31. Bd3 Bxd3 32. Kxd3 Ke6 33. Ke2 b5 34. Kf3 Be7 35. Bf4 f5 36. Be5 Bg5 37. Bf4 Kf6 38. Bxg5+ Kxg5 39. b3 g6 40. a4 bxa4 41. bxa4 fxg4+ 42. hxg4 h5 43. gxh5 gxh5 44. a5 Kf5 45. Kg3 Kg5 46. Kh3 Kf4 47. Kh4 Kf3 48. Kxh5 Kxf2 49. Kg5 Ke3 50. Kf5 Kd3 51. Ke5 Kxc3 52. Kd6 Kxd4 53. Kc7 c5 54. Kxb7 c4 55. a6 c3 56. a7 c2 57. a8=Q c1=Q 58. Qh8+ Kd3 59. Qh7+ Kc3 60. Qc7+ Kb2 61. Qe5+ Qc3 62. Qxd5 Qb3+ 63. Qxb3+ Kxb3 1/2-1/2


[Site "https://www.chess.com"]

[Event "Titled Tuesday Blitz March 08 Early 2022"]
[White "Volkov, Maksim"]
[Black "Nazari, Arad"]
[WhiteFideId "54123070"]
[BlackFideId "12577324"]
[WhiteElo "2081"]
[BlackElo "2120"]
[Result "1-0"]
[Round "07"]
[TimeControl "180+1"]
[Date "2022.03.09"]
[WhiteClock "0:02:34"]
[BlackClock "0:02:31"]

1. d4 Nf6 2. c4 g6 3. g3 Bg7 4. Bg2 d5 5. cxd5 Nxd5 6. e4 Nb6 7. Ne2 c5 8. d5 e6 9. O-O O-O 10. a4 exd5 11. exd5 Bf5 12. Na3 N8d7 13. Nc3 Ne5 14. Bf4 Nec4 15. Nxc4 Nxc4 16. Qb3 Nd2 17. Bxd2 1-0


[Site "https://www.chess.com"]

[Event "Titled Tuesday Blitz March 08 Early 2022"]
[White "Wagner, Dennis"]
[Black "Tsatsalashvili, Keti"]
[WhiteFideId "24650684"]
[BlackFideId "13603434"]
[WhiteElo "2355"]
[BlackElo "2246"]
[Result "1-0"]
[Round "07"]
[TimeControl "180+1"]
[Date "2022.03.09"]
[WhiteClock "0:01:14"]
[BlackClock "0:00:55"]

1. c4 e6 2. g3 d5 3. Bg2 Nf6 4. Nf3 d4 5. d3 c5 6. e4 Nc6 7. e5 Nd7 8. Bf4 Be7 9. h4 Qc7 10. Qe2 b6 11. Nbd2 Bb7 12. a3 O-O 13. h5 h6 14. Kf1 Rfe8 15. Re1 Nf8 16. g4 Nh7 17. Ne4 f5 18. gxf5 exf5 19. Ng3 Rf8 20. Nh4 Bxh4 21. Rxh4 Nd8 22. Bd5+ Kh8 23. e6 Qe7 24. Rh2 Nf6 25. Nxf5 Nxd5 26. Nxe7 Nxf4 27. Ng6+ Nxg6 28. hxg6 Nc6 29. e7 Rfe8 30. Qf3 Rab8 31. Rxh6+ gxh6 32. Qf6+ Kg8 33. Qf7+ Kh8 34. Qh7# 1-0


[Site "https://www.chess.com"]

[Event "Titled Tuesday Blitz March 08 Early 2022"]
[White "Winkels, Marcel"]
[Black "Janturin, Artur"]
[WhiteFideId "1003887"]
[BlackFideId "4130022"]
[WhiteElo "1900"]
[BlackElo "2336"]
[Result "0-1"]
[Round "07"]
[TimeControl "180+1"]
[Date "2022.03.09"]
[WhiteClock "0:00:16"]
[BlackClock "0:00:14"]

1. b3 b6 2. Bb2 Bb7 3. e3 a5 4. Nf3 a4 5. a3 axb3 6. cxb3 Nf6 7. Be2 e6 8. O-O Be7 9. d3 O-O 10. Nbd2 d6 11. Qc2 Nbd7 12. Rac1 c5 13. d4 Qb8 14. Qb1 Rc8 15. Bd3 Nf8 16. Nc4 Qa7 17. a4 Bc6 18. Na3 Qb7 19. Be2 Ne4 20. Nb5 Nd7 21. Qa1 Bf8 22. Nc3 Ndf6 23. Rfd1 h6 24. Qb1 Rd8 25. h3 Rac8 26. Bf1 Nxc3 27. Rxc3 Bxf3 28. gxf3 Qxf3 29. Bg2 Qh5 30. e4 cxd4 31. Rxd4 Rxc3 32. Bxc3 Nd7 33. b4 Ne5 34. Qd1 Qg6 35. a5 bxa5 36. bxa5 Rc8 37. Bb2 Nc4 38. Qc2 d5 39. exd5 Qxc2 0-1


[Site "https://www.chess.com"]

[Event "Titled Tuesday Blitz March 08 Early 2022"]
[White "Yandarbiev, Ruslan"]
[Black "Perez Gormaz, Matias"]
[WhiteFideId "4115023"]
[BlackFideId "3406342"]
[WhiteElo "2102"]
[BlackElo "2327"]
[Result "0-1"]
[Round "07"]
[TimeControl "180+1"]
[Date "2022.03.09"]
[WhiteClock "0:00:02"]
[BlackClock "0:00:18"]

1. e4 c5 2. Nf3 d6 3. Nc3 Nf6 4. d4 cxd4 5. Nxd4 a6 6. Be2 e5 7. Nb3 Be7 8. Be3 Be6 9. O-O O-O 10. a4 Nc6 11. Bf3 Nb4 12. a5 Rc8 13. Bb6 Qd7 14. Re1 Rfe8 15. Qd2 Bf8 16. Red1 h6 17. h3 Rc4 18. Nc1 Rec8 19. N1e2 Be7 20. Ng3 Bf8 21. Be2 R4c6 22. Nf1 Rxc3 23. bxc3 Nxe4 24. Qe3 Nxc3 25. Rd2 Ncd5 26. Qb3 Nxc2 27. Rxc2 Nxb6 28. Qb2 Rxc2 29. Qxc2 Nd5 30. Bf3 Nf6 31. Rb1 d5 32. Ne3 e4 33. Be2 d4 34. Rd1 d3 35. Qc3 Qa4 36. Bg4 Bxg4 37. hxg4 Bb4 38. Qc8+ Bf8 0-1


[Site "https://www.chess.com"]

[Event "Titled Tuesday Blitz March 08 Early 2022"]
[White "Yang, Kaiqi"]
[Black "Komiagina, Maria"]
[WhiteFideId "8604398"]
[BlackFideId "4153987"]
[WhiteElo "2373"]
[BlackElo "1945"]
[Result "1-0"]
[Round "07"]
[TimeControl "180+1"]
[Date "2022.03.09"]
[WhiteClock "0:00:14"]
[BlackClock "0:00:02"]

1. d4 Nf6 2. c4 e6 3. Nc3 Bb4 4. a3 Bxc3+ 5. bxc3 O-O 6. f3 d6 7. e4 Nbd7 8. Bd3 e5 9. Ne2 Qe7 10. O-O c5 11. Be3 Re8 12. Ng3 g6 13. Kh1 Nf8 14. f4 Ng4 15. Bg1 Qh4 16. Qf3 f6 17. h3 cxd4 18. cxd4 exf4 19. Qxf4 g5 20. Qxd6 Ng6 21. Nf5 Bxf5 22. Rxf5 Nf4 23. Rxf4 gxf4 24. Qxf4 h5 25. Rf1 Kg7 26. d5 Re5 27. Bd4 Rae8 28. Bxe5 Rxe5 29. Be2 Rg5 30. Kg1 Kg8 31. hxg4 Rxg4 32. Bxg4 1-0


[Site "https://www.chess.com"]

[Event "Titled Tuesday Blitz March 08 Early 2022"]
[White "Yuan, Qingyu"]
[Black "Vokhidov, Shamsiddin"]
[WhiteFideId "8609772"]
[BlackFideId "14204223"]
[WhiteElo "2359"]
[BlackElo "2611"]
[Result "0-1"]
[Round "07"]
[TimeControl "180+1"]
[Date "2022.03.08"]
[WhiteClock "0:00:06"]
[BlackClock "0:00:15"]

1. e4 c6 2. Nf3 d5 3. Nc3 Nf6 4. e5 Ne4 5. Ne2 Qb6 6. d4 e6 7. Ng3 c5 8. Bd3 Nxg3 9. hxg3 cxd4 10. Ng5 Qc7 11. Bf4 h6 12. Qh5 hxg5 13. Qxh8 gxf4 14. gxf4 Nc6 15. Rh7 Bd7 16. Rxg7 Nxe5 17. Rg8 Nxd3+ 18. cxd3 Qc5 19. Qh4 Qe7 20. Qh8 Qb4+ 21. Kf1 O-O-O 22. Rc1+ Bc6 23. Rc2 Be7 24. Qg7 Rxg8 25. Qxg8+ Kd7 26. Qxf7 Bb5 27. Ke2 Qa4 28. b3 Qa6 29. Rd2 Qc6 30. f5 exf5 31. Qxf5+ Kd8 32. Kf3 Qd6 33. Re2 Bd7 34. Qf7 Bb5 35. Qg8+ Kc7 36. Qg7 Kd7 37. Qxd4 Bf6 38. Qg4+ Kc7 39. Re6 Bd7 40. Rxd6 Bxg4+ 41. Kxg4 Kxd6 42. Kf5 Bd4 43. f4 Ke7 44. Kg6 Be3 45. f5 Bd4 46. g4 Be5 47. g5 b5 48. Kh7 Kf7 49. f6 Bxf6 50. gxf6 Kxf6 51. Kg8 Ke5 52. Kf7 Kd4 53. Ke6 b4 54. Kd6 a5 55. Kc6 Kxd3 56. Kxd5 Kc2 57. Kc5 Kb2 58. Kb5 Kxa2 59. Ka4 Kb2 60. Kxa5 Kxb3 61. Kb5 Kc3 62. Ka4 b3 63. Ka3 b2 64. Ka2 Kc2 65. Ka3 b1=Q 66. Ka4 Qb6 67. Ka3 Qb3# 0-1


[Site "https://www.chess.com"]

[Event "Titled Tuesday Blitz March 08 Early 2022"]
[White "Zhigalko, Sergei"]
[Black "Sonis, Francesco"]
[WhiteFideId "13502956"]
[BlackFideId "895733"]
[WhiteElo "2662"]
[BlackElo "2373"]
[Result "1/2-1/2"]
[Round "07"]
[TimeControl "180+1"]
[Date "2022.03.08"]
[WhiteClock "0:00:09"]
[BlackClock "0:00:27"]

1. e4 e5 2. Nf3 Nc6 3. Bc4 Bc5 4. b4 Bxb4 5. c3 Be7 6. d4 Na5 7. Bd3 d6 8. dxe5 dxe5 9. Nxe5 Nf6 10. O-O O-O 11. Qc2 c5 12. Nd2 Qc7 13. f4 Rd8 14. c4 Nc6 15. Nxc6 Qxc6 16. e5 Ng4 17. Bxh7+ Kh8 18. Be4 Qh6 19. Nf3 Qh5 20. f5 f6 21. e6 g6 22. h3 Nh6 23. Bxh6 Qxh6 24. Rad1 Rg8 25. Kh1 gxf5 26. Bxf5 Rb8 27. Rd5 b5 28. cxb5 Rxb5 29. Qe2 Rb4 30. Bd3 Rf4 31. Nh2 Rxf1+ 32. Nxf1 Rg5 33. Bc4 Bb7 34. Rxg5 Qxg5 35. Ne3 f5 36. Bd5 Bc8 37. Nc4 Ba6 38. Qe5+ Kh7 39. Qc7 Bxc4 40. Bxc4 Kg6 41. Kh2 Kf6 42. Qg3 Qd2 43. Qf3 Bd6+ 44. Kh1 Qe1+ 45. Bf1 Qe5 46. g3 Qxe6 47. Bd3 Qe1+ 48. Kg2 Qd2+ 49. Kf1 Qc1+ 50. Kg2 Qb2+ 51. Kh1 Qa1+ 52. Qf1 Qxf1+ 53. Bxf1 Bxg3 54. Kg2 Bd6 55. Kf3 Ke5 56. h4 Bf8 57. Bh3 Bh6 58. h5 c4 59. Ke2 Ke4 60. Bg2+ Kd4 61. Bh3 c3 62. Bxf5 Kc4 63. Kd1 Kb4 64. Kc2 Bd2 65. Bg6 Ka3 66. Bf7 Ka4 67. Bg8 Kb4 68. Bf7 Ka3 69. Bg8 Kb4 70. Bf7 Bh6 71. Bg8 Bg5 72. Bf7 Bh6 73. Bg8 Bg5 74. Bf7 Bh6 1/2-1/2


[Site "https://www.chess.com"]

[Event "Titled Tuesday Blitz March 08 Early 2022"]
[White "Zhu, Jiner"]
[Black "Vusatiuk, Vladimir"]
[WhiteFideId "8608059"]
[BlackFideId "14118610"]
[WhiteElo "2281"]
[BlackElo "2157"]
[Result "1-0"]
[Round "07"]
[TimeControl "180+1"]
[Date "2022.03.09"]
[WhiteClock "0:00:17"]
[BlackClock "0:00:10"]

1. e4 Nc6 2. d4 d5 3. e5 Bf5 4. Nf3 e6 5. Be2 h6 6. O-O Nge7 7. c3 g5 8. Nbd2 Ng6 9. Nb3 Be7 10. Be3 a5 11. a4 g4 12. Ne1 h5 13. f3 Bg5 14. Qd2 Bxe3+ 15. Qxe3 Kd7 16. Bd3 Nce7 17. Bxf5 Nxf5 18. Qd3 Qg5 19. f4 Qd8 20. Qb5+ Kc8 21. Nc5 b6 22. Qc6 Ra7 23. Nxe6 Qd7 24. Qxd7+ Kxd7 25. Ng5 Ke7 26. Nc2 h4 27. Rae1 Raa8 28. Ne3 c6 29. Nxf5+ 1-0


[Site "https://www.chess.com"]

[Event "Titled Tuesday Blitz March 08 Early 2022"]
[White "Aaditya Dhingra"]
[Black "Cori T., Deysi"]
[WhiteFideId "25678191"]
[BlackFideId "3801934"]
[WhiteElo "1849"]
[BlackElo "2341"]
[Result "1-0"]
[Round "08"]
[TimeControl "180+1"]
[Date "2022.03.09"]
[WhiteClock "0:00:04"]
[BlackClock "0:00:01"]

1. e4 e6 2. d4 d5 3. Nc3 Nf6 4. Bg5 Be7 5. e5 Nfd7 6. h4 a6 7. Nf3 c5 8. Qd2 Nc6 9. Ne2 cxd4 10. Nexd4 Ndxe5 11. Nxe5 Nxe5 12. Bxe7 Qxe7 13. O-O-O Bd7 14. Re1 Nc6 15. Nf5 Qf6 16. Nd6+ Kf8 17. Nxb7 Rb8 18. Bxa6 Bc8 19. Rh3 Bxb7 20. Bxb7 Rxb7 21. Rc3 Rb6 22. g4 h6 23. g5 hxg5 24. hxg5 Qe7 25. Rb3 Qc5 26. Rxb6 Qxb6 27. a3 Rh2 28. Qc3 Rxf2 29. Rh1 d4 30. Qg3 d3 31. Qd6+ Kg8 32. Qxd3 Nd4 33. Qh7+ Kf8 34. Qh8+ Ke7 35. Qxg7 Rxc2+ 36. Kd1 Qc5 37. Qf6+ Kd7 38. Qxf7+ Kc6 39. Qe8+ Kd5 40. Qd7+ Kc4 41. Qa4+ Kd3 42. Rh3+ Ke4 43. Rh4+ Ke3 44. Qxd4+ Qxd4+ 45. Rxd4 Rxb2 46. Rg4 Kd3 47. Rg3+ Ke4 48. g6 Rb8 49. g7 Rg8 50. Ke2 Kf4 51. Rg1 Ke5 52. a4 Kd6 53. Kd3 Kd5 54. Rg5+ e5 55. Ke3 Ke6 56. Ke4 Kf6 57. Rg1 Ke6 58. Rg6+ Kf7 59. Rg1 Kf6 60. a5 Ke6 61. a6 Kd6 62. Rg6+ Kc7 63. Kxe5 Kb8 64. Kf6 Ka7 65. Kf7 Rb8 66. g8=Q Rb4 67. Qg7 Re4 68. Kg8+ Ka8 69. Qb7# 1-0


[Site "https://www.chess.com"]

[Event "Titled Tuesday Blitz March 08 Early 2022"]
[White "Agasarov, Benik"]
[Black "Samunenkov, Ihor"]
[WhiteFideId "13314823"]
[BlackFideId "14187086"]
[WhiteElo "2570"]
[BlackElo "2409"]
[Result "0-1"]
[Round "08"]
[TimeControl "180+1"]
[Date "2022.03.09"]
[WhiteClock "0:00:04"]
[BlackClock "0:00:06"]

1. d4 d5 2. Nf3 Nf6 3. c4 e6 4. Nc3 a6 5. cxd5 exd5 6. Bg5 Be6 7. e3 Nbd7 8. Bd3 Bd6 9. O-O c6 10. Rc1 Qc7 11. h3 h6 12. Bxf6 Nxf6 13. a3 O-O 14. Na4 Ne4 15. Bxe4 dxe4 16. Nd2 f5 17. Nc5 Bd5 18. Nc4 Bh2+ 19. Kh1 b5 20. Nb6 Qxb6 21. Kxh2 Qc7+ 22. g3 g5 23. Qh5 Kh7 24. Rg1 Rf6 25. Kh1 Qg7 26. Qe2 Qf7 27. Rcf1 a5 28. b3 Rg8 29. Qd1 Rfg6 30. Qh5 Qf6 31. Nd7 Qd6 32. Ne5 R6g7 33. Rc1 Qxa3 34. Nxc6 Qxb3 35. Nxa5 Qa2 36. Rc5 Bf7 37. Qd1 Qxa5 38. Rxf5 Qd8 39. Rxb5 Qd7 40. Qf1 Bc4 41. Rb7 Bxf1 42. Rxd7 Rxd7 43. Rxf1 Rf8 44. Kg2 Rdf7 45. d5 Rd7 46. Rd1 Rf5 47. Rd4 Re5 48. d6 Kg6 49. h4 gxh4 50. gxh4 Kf5 51. f3 exf3+ 52. Kxf3 Ke6 53. Rg4 Rxd6 54. Rg6+ Kd5 55. Rg7 Rf6+ 56. Kg4 Rxe3 57. Rd7+ Ke6 58. Rd4 Re5 59. Ra4 h5+ 60. Kg3 Re3+ 61. Kg2 Kf5 62. Ra5+ Re5 63. Ra4 Re4 64. Ra5+ Kg4 65. Kh1 Kxh4 66. Ra2 Kg4 67. Kh2 h4 68. Rg2+ Kh5 69. Rg8 Ref4 70. Rh8+ Kg5 71. Rg8+ Rg6 72. Ra8 Kg4 73. Ra2 Rg5 74. Rg2+ Kf5 75. Ra2 Rg3 76. Rd2 Rgf3 77. Rd5+ Kg4 78. Rd8 Rf2+ 79. Kg1 Ra2 80. Rg8+ Kh3 81. Re8 Ra1+ 82. Re1 Rxe1# 0-1


[Site "https://www.chess.com"]

[Event "Titled Tuesday Blitz March 08 Early 2022"]
[White "Aldokhin, Ivan"]
[Black "Aitbayev, Aslan"]
[WhiteFideId "24115720"]
[BlackFideId "13704613"]
[WhiteElo "2231"]
[BlackElo "2385"]
[Result "0-1"]
[Round "08"]
[TimeControl "180+1"]
[Date "2022.03.08"]
[WhiteClock "0:00:04"]
[BlackClock "0:00:09"]

1. e4 e6 2. d4 d5 3. Nd2 c5 4. exd5 Qxd5 5. Ngf3 cxd4 6. Bc4 Qd6 7. O-O Nf6 8. Nb3 Nc6 9. Qe2 Be7 10. Rd1 e5 11. c3 O-O 12. h3 Bf5 13. cxd4 e4 14. Nh2 Rac8 15. Be3 Nd5 16. Nf1 Nf4 17. Qd2 Nd3 18. Ng3 Bg6 19. Nxe4 Bxe4 20. Bxd3 Bxd3 21. Qxd3 Nb4 22. Qe4 Nd5 23. Bd2 f5 24. Qf3 Rc2 25. Bc3 Nxc3 26. bxc3 Qc6 27. Qxc6 bxc6 28. Rdc1 Rb2 29. Na5 c5 30. Nc6 Bd6 31. Nxa7 Ra8 32. Nc6 Raxa2 33. Rxa2 Rxa2 34. g3 f4 35. gxf4 Bxf4 36. Rd1 Rc2 37. d5 Bd6 38. Rd3 Kf7 39. Na5 Be5 40. Nc4 Bxc3 41. Kg2 Bf6 42. Ne3 Rc3 43. Rxc3 Bxc3 44. Nc4 Kf6 45. Kf3 Kf5 46. Ke3 Bd4+ 47. Ke2 Bf6 48. f3 h5 49. Kd3 Kf4 50. d6 Kxf3 51. d7 Kg3 52. Ne3 Kxh3 53. Nd5 Bg5 54. Nf4+ Kg4 55. Ne6 Bf6 56. Nxc5 h4 57. Ne4 Bd8 58. Kd4 h3 59. Ke5 h2 60. Ke6 Kf4 61. Nf2 Kf3 62. Nh1 Kg2 63. Kf5 Kxh1 0-1


[Site "https://www.chess.com"]

[Event "Titled Tuesday Blitz March 08 Early 2022"]
[White "Alonso Rosell, Alvar"]
[Black "Kadam, Om Manish"]
[WhiteFideId "2270544"]
[BlackFideId "45076294"]
[WhiteElo "2474"]
[BlackElo "1729"]
[Result "1-0"]
[Round "08"]
[TimeControl "180+1"]
[Date "2022.03.08"]
[WhiteClock "0:00:24"]
[BlackClock "0:00:09"]

1. d4 Nf6 2. c4 e6 3. Nf3 d5 4. g3 Be7 5. Bg2 O-O 6. Qc2 dxc4 7. Qxc4 a6 8. Ne5 Nbd7 9. O-O c6 10. Nd3 b5 11. Qxc6 Rb8 12. Qc2 Bb7 13. Bxb7 Rxb7 14. Nd2 Nb6 15. Nf3 Rc7 16. Qd1 Qd5 17. Bd2 Rfc8 18. Ba5 Rb7 19. b3 Nbd7 20. Rc1 Rbb8 21. Nb4 Qb7 22. Qd2 Ne4 23. Qd3 Nef6 24. Qb1 Bd6 25. Rxc8+ Rxc8 26. Rc1 h6 27. Ne1 Rxc1 28. Qxc1 Qe4 29. Qd2 Qb1 30. Nxa6 Ne4 31. Qc2 Qxc2 32. Nxc2 Ndf6 33. f3 Ng5 34. Bb4 Bxb4 35. Ncxb4 h5 36. Nc7 Nd5 37. Nbxd5 exd5 38. h4 Ne6 39. Nxe6 fxe6 40. a4 bxa4 41. bxa4 1-0


[Site "https://www.chess.com"]

[Event "Titled Tuesday Blitz March 08 Early 2022"]
[White "Ambartsumova, Karina"]
[Black "Odegov, Artem"]
[WhiteFideId "4166299"]
[BlackFideId "34183644"]
[WhiteElo "2262"]
[BlackElo "2286"]
[Result "1/2-1/2"]
[Round "08"]
[TimeControl "180+1"]
[Date "2022.03.09"]
[WhiteClock "0:00:04"]
[BlackClock "0:00:10"]

1. d4 Nf6 2. Nf3 c5 3. c4 cxd4 4. Nxd4 g6 5. Nc3 Bg7 6. e4 d6 7. Be2 O-O 8. O-O Nc6 9. Nc2 Be6 10. Be3 Rc8 11. f4 Qd7 12. h3 Na5 13. b3 Nh5 14. Nd4 Ng3 15. Rf3 Nxe2+ 16. Qxe2 f5 17. Rd1 fxe4 18. Nxe4 Bf5 19. Nc3 Rce8 20. g4 Be6 21. Bf2 Bf7 22. f5 e5 23. fxe6 Bxe6 24. Rxf8+ Bxf8 25. Qf3 Bg7 26. Ne4 Bf7 27. Nb5 Nc6 28. Rxd6 Qe7 29. Nf6+ Bxf6 30. Qxf6 Qxf6 31. Rxf6 a6 32. Nd6 Re7 33. Nxf7 Rxf7 34. Rxf7 Kxf7 35. Kg2 Ke6 36. Kf3 Nb4 37. a4 Nd3 38. Bd4 Nc1 39. b4 Nb3 40. Bc3 b5 41. axb5 axb5 42. cxb5 Kd5 43. b6 Kc6 44. Ke4 Nc1 45. Ke5 Nd3+ 46. Kf6 Nf2 47. Kg7 Nxh3 48. Kxh7 g5 49. Kg6 Kxb6 50. Kf5 Kb5 51. Bd2 Kc4 52. Be1 Kb5 53. Ke4 Nf4 54. Kf5 Nd3 55. Bd2 Nf2 56. Kg6 Nxg4 57. Kxg5 Nf2 58. Be1 Nd3 59. Bd2 Nb2 60. Kf5 Nc4 61. Bc3 Nb6 62. Ke4 Nd7 63. Kd5 Nb8 64. Kd6 Nc6 65. Bd2 Nd4 66. Bc3 Nf5+ 67. Ke5 Ng3 68. Kd5 Ne2 69. Be1 Nf4+ 70. Ke4 Ne6 71. Bc3 Nc7 72. Ke5 Na6 73. Kd6 Nxb4 1/2-1/2


[Site "https://www.chess.com"]

[Event "Titled Tuesday Blitz March 08 Early 2022"]
[White "Antonio, Jorge Carlos"]
[Black "Gatterer, Florian"]
[WhiteFideId "113190"]
[BlackFideId "811688"]
[WhiteElo "2247"]
[BlackElo "2218"]
[Result "1/2-1/2"]
[Round "08"]
[TimeControl "180+1"]
[Date "2022.03.09"]
[WhiteClock "0:01:01"]
[BlackClock "0:00:33"]

1. e4 c5 2. c4 Nc6 3. Nc3 g6 4. f4 d6 5. Nf3 Bg7 6. d3 e6 7. h3 Nge7 8. g4 O-O 9. Bg2 d5 10. O-O f5 11. cxd5 exd5 12. gxf5 d4 13. Ne2 gxf5 14. Ng3 fxe4 15. dxe4 Ng6 16. f5 Nge5 17. Nh5 Nxf3+ 18. Rxf3 Be5 19. Bh6 Rf7 20. Bf1 Qh4 21. Bc4 Bd7 22. Bxf7+ Kxf7 23. Qb3+ Ke7 24. f6+ Kd6 25. Qd5+ Kc7 1/2-1/2


[Site "https://www.chess.com"]

[Event "Titled Tuesday Blitz March 08 Early 2022"]
[White "Artemenko, Oleg"]
[Black "Omariev, Maksim"]
[WhiteFideId "14201798"]
[BlackFideId "4193423"]
[WhiteElo "2287"]
[BlackElo "2432"]
[Result "1-0"]
[Round "08"]
[TimeControl "180+1"]
[Date "2022.03.09"]
[WhiteClock "0:01:54"]
[BlackClock "0:00:08"]

1. d4 d5 2. Nc3 Nf6 3. Bf4 Bf5 4. f3 e6 5. g4 Bg6 6. h4 h5 7. g5 Nfd7 8. e3 a6 9. Bd3 Bxd3 10. Qxd3 g6 11. O-O-O c5 12. e4 Nc6 13. exd5 Nxd4 14. Nge2 e5 15. Rhe1 Bg7 16. Nxd4 cxd4 17. Qxd4 O-O 18. Bxe5 Nxe5 19. Rxe5 Bxe5 20. Qxe5 Re8 21. Qf4 Qe7 22. Ne4 Kg7 23. d6 Qe5 24. Qe3 Rad8 25. Qb3 b5 26. Kb1 Re6 27. a3 Qf4 28. Qc3+ Qe5 29. Qc7 Ree8 30. Nf6 Rf8 31. Rd3 Qf5 32. Qe7 Qe6 33. Rc3 Rb8 34. Rc7 Qf5 35. Qe4 Qxe4 36. fxe4 Rfd8 37. e5 Kf8 38. Nd7+ Rxd7 39. Rxd7 Re8 40. Ra7 Rxe5 41. Ra8+ Re8 42. Rxa6 Rd8 43. Rb6 f6 44. gxf6 Kf7 45. Rxb5 Rxd6 46. c3 Kxf6 47. Kc2 Re6 48. a4 Re2+ 49. Kb3 Rh2 50. Rb4 g5 51. hxg5+ Kxg5 52. a5 Rh1 53. a6 Ra1 54. Ra4 Rxa4 55. Kxa4 h4 56. a7 h3 57. a8=Q h2 58. Qh1 1-0


[Site "https://www.chess.com"]

[Event "Titled Tuesday Blitz March 08 Early 2022"]
[White "Avila Pavas, Santiago"]
[Black "Timofeev, Artyom"]
[WhiteFideId "4437128"]
[BlackFideId "4140419"]
[WhiteElo "2242"]
[BlackElo "2594"]
[Result "0-1"]
[Round "08"]
[TimeControl "180+1"]
[Date "2022.03.08"]
[WhiteClock "0:00:01"]
[BlackClock "0:00:28"]

1. d4 d5 2. Bf4 Nf6 3. e3 c5 4. c3 Nc6 5. Nd2 g6 6. Ngf3 Bg7 7. Bd3 O-O 8. Qe2 Nd7 9. O-O-O Qa5 10. Kb1 e5 11. dxe5 Ndxe5 12. Bc2 Be6 13. Ng5 b5 14. h4 h6 15. Nxe6 fxe6 16. Bxe5 Nxe5 17. f4 Nc4 18. Nb3 Qb6 19. Qd3 Rf6 20. e4 Rxf4 21. exd5 Ne5 22. Qh3 exd5 23. Rxd5 b4 24. Rhd1 bxc3 25. Rd6 Qc7 26. Qe6+ Kh8 27. Bxg6 c4 28. Nd4 Rb8 29. b3 cxb3 30. Nc6 c2+ 31. Bxc2 bxc2+ 32. Kxc2 Nxc6 33. Rxc6 Rf2+ 0-1


[Site "https://www.chess.com"]

[Event "Titled Tuesday Blitz March 08 Early 2022"]
[White "Barrientos, Sergio E"]
[Black "Bodnaruk, Anastasia"]
[WhiteFideId "4401824"]
[BlackFideId "4181751"]
[WhiteElo "2397"]
[BlackElo "2393"]
[Result "1-0"]
[Round "08"]
[TimeControl "180+1"]
[Date "2022.03.09"]
[WhiteClock "0:01:34"]
[BlackClock "0:01:10"]

1. d4 Nf6 2. c4 g6 3. Nc3 Bg7 4. e4 d6 5. f3 O-O 6. Be3 c5 7. Nge2 Nc6 8. d5 Na5 9. Ng3 e6 10. Be2 exd5 11. cxd5 a6 12. a4 Bd7 13. O-O b5 14. axb5 axb5 15. Nxb5 Qb6 16. b4 Bxb5 17. bxa5 Rxa5 18. Qb3 Rxa1 19. Rxa1 Rb8 20. Rb1 c4 21. Bxc4 Bxc4 22. Qxb6 Rxb6 23. Rxb6 Bf8 24. Rb8 Kg7 25. Bh6+ Kxh6 26. Rxf8 Kg7 27. Rd8 1-0


[Site "https://www.chess.com"]